Map: Cerulean Fall LE

Players

Yocto - Winner!

  • Race: Zerg Zerg
  • Spawn Location: 7:00

Abey

  • Race: Zerg Zerg
  • League: Silver
  • Spawn Location: 1:00

VOD

Have the link to the VOD?

Description

Time

  • Played on: Dec. 13, 2018, 10:36 a.m.
  • Length: 9:05
Show
View Real Time Build Order
Export as new Build Order

Yocto Zerg - Winner!

Build Orders: Hatch First 

Get SALT Encoding   

  12  0:01  Drone  
  13  0:17  Overlord  
  13  0:19  Drone  
  14  0:36  Drone x2  
  14  0:39  Drone  
  17  0:56  Hatchery  
  16  0:59  Drone  
  17  1:06  Extractor  
  17  1:08  Drone  
  17  1:27  Spawning Pool  
  16  1:35  Drone x2  
  16  1:36  Drone  
  19  1:48  Overlord  
  19  2:03  Drone  
  20  2:17  Queen  
  20  2:19  Queen  
  20  2:21  Metabolic Boost  
  24  2:26  Zergling x6  
  24  2:27  Zergling x2  
  28  2:38  Drone x2  
  30  2:47  Baneling Nest  
  29  2:57  Queen  
  31  3:02  Drone x5  
  36  3:17  Lair  
  36  3:21  Overlord  
  36  3:30  Overlord  
  36  3:39  Queen  
  36  3:40  Drone x5  
  43  3:43  Extractor  
  42  3:54  Spine Crawler  
  41  4:04  Overlord  
  41  4:05  Drone x6  
  47  4:13  Extractor  
  45  4:30  Extractor, Spire, Drone x2  
  45  4:34  Drone  
  45  4:36  Drone x2  
  48  4:54  Baneling x3  
  48  4:57  Drone x7  
  48  4:58  Drone  
  48  4:59  Overlord  
  56  5:13  Zergling x2  
  56  5:14  Zergling x4  
  59  5:30  Hatchery  
  58  5:36  Extractor  
  57  5:45  Drone  
  57  5:46  Drone x6  
  64  6:02  Drone x2  
  64  6:03  Drone x2  
  68  6:10  Overlord  
  68  6:11  Overlord x5  
  68  6:29  Mutalisk x5  
  68  6:32  Mutalisk x3  
  84  6:42  Queen  
  86  6:57  Mutalisk x2  
  86  6:58  Mutalisk x4  
  98  7:04  Extractor  
  97  7:12  Mutalisk  
  97  7:13  Mutalisk  
  101  7:17  Zergling x4  
  101  7:18  Zergling x16  
  101  7:19  Hatchery  
  110  7:26  Drone x2  
  112  7:43  Overlord  
  112  7:44  Overlord  
  112  7:45  Mutalisk x4  
  112  7:46  Mutalisk  
  122  7:51  Overlord x2  
  122  7:52  Overlord x2  
  122  8:06  Mutalisk x2  
  122  8:07  Mutalisk  
  122  8:10  Zergling x4  
  122  8:11  Zergling x2  
  131  8:17  Extractor  
  130  8:22  Mutalisk x2  
  130  8:24  Zergling x4  
  136  8:36  Mutalisk x2  
  136  8:41  Zergling x12  
  146  8:52  Evolution Chamber  
Show
View Real Time Build Order
Export as new Build Order

Abey Zerg 

Build Orders: Pool First 

Get SALT Encoding   

  12  0:25  Spawning Pool  
  11  0:28  Overlord  
  11  0:34  Drone  
  12  0:39  Drone  
  13  0:45  Drone  
  14  0:51  Drone  
  15  1:05  Drone  
  16  1:12  Extractor, Drone  
  16  1:17  Spine Crawler  
  15  1:25  Drone  
  15  1:27  Queen  
  18  1:37  Zergling x2  
  19  1:54  Hatchery  
  18  1:59  Zergling x2  
  19  2:08  Drone x2  
  21  2:18  Drone  
  22  2:27  Overlord  
  22  2:44  Overlord  
  22  2:53  Drone  
  22  2:54  Metabolic Boost  
  23  3:03  Drone  
  24  3:07  Drone  
  24  3:10  Drone  
  26  3:17  Overlord  
  26  3:20  Drone  
  26  3:21  Drone x2  
  26  3:23  Queen  
  31  3:33  Spine Crawler  
  30  3:41  Drone x4  
  34  3:50  Extractor  
  34  3:51  Drone x2  
  35  4:00  Spore Crawler  
  34  4:03  Queen  
  36  4:21  Drone x5  
  36  4:22  Drone  
  42  4:32  Drone x2  
  42  4:34  Overlord  
  44  4:42  Lair, Roach Warren  
  43  4:53  Drone x5  
  43  4:54  Drone  
  49  5:07  Hatchery  
  48  5:34  Roach  
  48  5:35  Roach  
  52  5:37  Overlord x6  
  52  5:50  Extractor  
  52  5:52  Extractor  
  48  6:01  Roach x2  
  48  6:02  Roach x4  
  61  6:07  Roach x2  
  61  6:08  Roach  
  67  6:33  Drone  
  67  6:34  Drone x5  
  73  6:49  Ravager  
  73  6:50  Ravager x6  
  80  6:55  Glial Reconstitution  
  80  6:58  Evolution Chamber  
  80  6:59  Hatchery  
  78  7:04  Pneumatized Carapace  
  78  7:06  Overlord  
  78  7:12  Hydralisk Den  
  77  7:21  Spine Crawler  
  76  7:28  Spine Crawler  
  76  7:32  Zergling x2  
  76  7:33  Zergling x20  
  87  7:54  Roach  
  87  7:55  Roach x4  
  97  8:17  Hydralisk x2  
  97  8:18  Hydralisk x2  
  97  8:19  Overlord  
  105  8:20  Overlord x4  
Tags
 
League
Silver
Matchup
ZvZ
Race
Zerg
Replay Pack
Yocto
Spawn Locations
Cross Positions
Add a new tag
Caveats
  • Supply blocks, unpowered buildings, or Contaminate may cause inaccurate times.
  • Supply counts are checked every 10 seconds.